 Dungeon Crawl Stone Soup version 0.27.1-33-g824d729ab1 (webtiles) character file.

Game seed: 10569875408554047720

84 pkoi the Ruffian (level 4, -11/44 HPs)
             Began as a Troll Monk on Dec 15, 2021.
             Mangled by a gnoll (15 damage)
             ... on level 2 of the Dungeon.
             The game lasted 00:01:41 (1209 turns).

pkoi the Ruffian (Troll Monk)                       Turns: 1209, Time: 00:01:41

Health: -11/44     AC:  4    Str: 18 (19) XL:     4   Next: 24%
Magic:  3/3        EV: 10    Int:  4 (7)  God:
Gold:   63         SH:  5    Dex:  9 (12) Spells: 3/3 levels left

rFire    . . .     SeeInvis .     - Unarmed
rCold    . . .     Faith    .   (no shield)
rNeg     . . .     Spirit   .   a - +0 robe
rPois    .         Reflect  +   (helmet restricted)
rElec    .         Harm     .   (no cloak)
rCorr    .         Rampage  .   (gloves unavailable)
Will     .....                  (boots unavailable)
Stlth    +.........             e - amulet of reflection
HPRegen  1.14/turn              (no ring)
MPRegen  0.08/turn              (no ring)

@: no status effects
A: large, unfitting armour, claws 3, regeneration 1, shaggy fur 1, tough skin 1
a: no special abilities


You were on level 2 of the Dungeon.
You visited 1 branch of the dungeon, and saw 2 of its levels.

You collected 63 gold pieces.

Inventory:

Missiles
 n - a throwing net (quivered)
Armour
 a - a +0 robe (worn)
Jewellery
 e - an amulet of reflection (around neck)
 i - a ring of resist corrosion
 p - an amulet of regeneration
Scrolls
 b - a scroll of fog {unknown}
 f - a scroll of identify {unknown}
 h - a scroll of magic mapping {unknown}
 l - a scroll of amnesia {unknown}
Potions
 d - a potion of magic {unknown}
 g - 2 potions of flight {unknown}
 j - a potion of attraction {unknown}
 k - a potion of ambrosia {unknown}
 m - a potion of berserk rage {unknown}
 o - a potion of curing {unknown}
 q - a potion of lignification {unknown}


   Skills:
 - Level 2.4 Fighting
 - Level 2.4 Dodging
 - Level 1.0 Stealth
 + Level 5.1 Unarmed Combat


You had 3 spell levels left.
You didn't know any spells.
Your spell library contained the following spells:

 Spells                   Type           Power      Damage    Failure   Level
 Static Discharge         Conj/Air       0%         N/A       65%         2
 Lightning Bolt           Conj/Air       0%         1d11      100%        5
 Maxwell's Capacitive Co  Air            0%         ∞         100%        8


Dungeon Overview and Level Annotations

Branches:
Dungeon (2/15)

Altars:


Innate Abilities, Weirdness & Mutations

You are too large for most types of armour.
You have claws for hands.
Your natural rate of healing is unusually fast.
You are covered in fur. (AC +1)
You have tough skin. (AC +1)


Message History

* * * LOW HITPOINT WARNING * * *
A dart slug comes into view.
You are too injured to fight recklessly!
You are too injured to fight recklessly!
You are too injured to fight recklessly!
You are too injured to fight recklessly!
You are too injured to fight recklessly!
You are too injured to fight recklessly!
You are too injured to fight recklessly!
You are too injured to fight recklessly!
You are too injured to fight recklessly!
You are too injured to fight recklessly!
You are too injured to fight recklessly!
You are too injured to fight recklessly!
You are too injured to fight recklessly!
You are too injured to fight recklessly!
You are too injured to fight recklessly!
You are too injured to fight recklessly!
Unknown command.
The ball python bites you but does no damage.
The gnoll hits you from afar with a +2 halberd of protection!
* * * LOW HITPOINT WARNING * * *
You block the ball python's attack. You block the gnoll's attack.
You scratch the gnoll but do no damage.
The gnoll hits you with a +2 halberd of protection.
* * * LOW HITPOINT WARNING * * *
The ball python bites you but does no damage.
You scratch the gnoll but do no damage. The gnoll misses you.
The ball python bites you but does no damage.
You scratch the gnoll but do no damage. You block the ball python's attack.
The gnoll hits you with a +2 halberd of protection!
* * * LOW HITPOINT WARNING * * *
Unknown command.
It was a potion of degeneration.
There was something very wrong with that liquid.
You feel weakened.
You feel dopey.
You feel clumsy.
The ball python bites you but does no damage.
The gnoll hits you with a +2 halberd of protection!
You die...

##. .............#. ...
...........#...# ##.
.....<.....#.. ..
........#...###...
.........#..#..#.. ♣♣
.#.....)..###...#. .P♣
#....w.g.#...#...# ♣♣.♣♣.
..###g#.#.....#..# ......
#@#g.......# ...# #S#.#.....#.
...# .. #g#..#...#...#...
...#......... #.g...###...#.#..
..........#.# .###..#..# .#...#.
........#...#..###.#...###.....#
.....##)..#.#..##.....#..#.....#
.#...##.#.......#....#†..#.....#
#.........#.............#.#...#


You could see 3 gnolls, a dart slug and a ball python.

Vanquished Creatures
  4 gnolls (D:2)
  A dart slug (D:1)
  5 endoplasms
  2 giant cockroaches (D:1)
  4 goblins
  7 hobgoblins
  4 ball pythons
  4 bats (D:1)
  4 frilled lizards
  3 kobolds
  3 rats
41 creatures vanquished.

Vanquished Creatures (others)
  3 plants (D:2)
3 creatures vanquished.

Grand Total: 44 creatures vanquished

Notes
Turn   | Place    | Note
-------+----------+-------------------------------------------
     0 | D:1      | pkoi the Troll Monk began the quest for the Orb.
     0 | D:1      | Reached XP level 1. HP: 22/22 MP: 0/0
   338 | D:1      | Reached XP level 2. HP: 29/29 MP: 1/1
   590 | D:1      | Reached skill level 4 in Unarmed Combat
   662 | D:1      | Reached XP level 3. HP: 36/36 MP: 2/2
   805 | D:1      | Found a faded altar of an unknown god.
  1153 | D:2      | Reached skill level 5 in Unarmed Combat
  1153 | D:2      | Reached XP level 4. HP: 44/44 MP: 3/3
  1208 | D:2      | HP: 2/44 [gnoll (14)]
  1209 | D:2      | Mangled by a gnoll

Illustrated notes

Levels and vault maps discovered:
D:1:      minmay_arrival_widening_spiral_wide, layout_basic,
          shapermc_ecumenical_altar_mp_ritualfount, minivault_5,
          minmay_small_reverse_x
D:2:      layout_rooms, serial_forest, infiniplex_forest_straight_4,
          infiniplex_forest_clump_tiny, infiniplex_forest_straight_4,
          infiniplex_forest_clump_large, infiniplex_forest_clump_medium,
          infiniplex_forest_lined_1, infiniplex_forest_zigzag_1,
          infiniplex_forest_zigzag_1, infiniplex_forest_clump_small,
          minmay_misc_feat_pillars, minmay_splitting_lines

Skill      XL: |  1  2  3 |
---------------+----------+-----
Unarmed Combat | 4 5 |  5.1
Fighting       | |  2.4
Dodging        | |  2.4
Stealth        | |  1.0

Action                   |  1- 3 |  4- 6 || total
-------------------------+-------+-------++-------
Melee: Unarmed           |    98 |    11 ||   109
       Punch             |     1 |     1 ||     2
  Use: Potion            |       |     1 ||     1
 Stab: Sleeping          |     3 |       ||     3
Armor: Robe              |    23 |     5 ||    28
Dodge: Dodged            |    46 |     3 ||    49
Block: Other             |     9 |     6 ||    15
